Map: Romanticide LE

Players

MaSa - Winner!

  • Race: Terran Terran

Dolan

  • Race: Terran Terran

Event: DreamHack SC2 Masters 2021 Winter

VOD

Have the link to the VOD?

Description

Time

  • Played on: Oct. 10, 2021, 4:33 p.m.
  • Length: 9:46

All games in this series

Show
View Real Time Build Order
Export as new Build Order

MaSa Terran - Winner!

Build Orders:  

Get SALT Encoding   

  12  0:00  SCV  
  13  0:12  SCV  
  14  0:17  Supply Depot  
  14  0:24  SCV  
  15  0:38  SCV  
  15  0:39  Barracks  
  15  0:42  Refinery  
  16  0:48  Refinery  
  16  0:52  SCV  
  17  1:04  SCV  
  18  1:16  SCV  
  19  1:27  Supply Depot, Reaper  
  19  1:28  Orbital Command  
  20  1:40  Factory  
  20  1:55  SCV  
  20  1:59  Reaper  
  22  2:07  SCV  
  23  2:20  SCV, Command Center  
  24  2:25  Hellion  
  24  2:31  Marine  
  24  2:32  SCV  
  25  2:46  Hellion  
  25  2:48  SCV, Marine  
  28  2:55  Command Center  
  28  3:02  SCV  
  27  3:09  Hellion  
  27  3:14  SCV  
  27  3:16  Marine  
  29  3:22  Starport  
  29  3:26  Supply Depot, SCV  
  30  3:31  Factory Tech Lab  
  30  3:34  Barracks Reactor  
  30  3:40  SCV  
  31  3:41  Supply Depot  
  31  3:51  Cyclone  
  31  3:52  SCV  
  35  4:04  SCV  
  35  4:09  Medivac  
  34  4:13  Marine x2  
  34  4:14  Orbital Command  
  36  4:19  SCV  
  35  4:26  Cyclone  
  38  4:31  SCV  
  39  4:43  Starport Tech Lab  
  39  4:48  Orbital Command  
  39  4:54  Marine x2  
  39  4:58  Command Center  
  40  5:04  Banshee  
  43  5:07  SCV  
  43  5:13  Marine  
  43  5:14  Marine  
  46  5:22  Cloaking Field  
  46  5:29  SCV  
  46  5:30  SCV  
  48  5:38  Siege Tank  
  48  5:41  SCV, Bunker  
  48  5:42  Marine x2  
  54  5:43  Supply Depot  
  54  5:45  SCV  
  55  5:54  SCV  
  55  5:55  Banshee  
  59  5:57  SCV  
  59  5:59  Refinery  
  59  6:00  Marine  
  59  6:01  Marine  
  62  6:06  SCV  
  62  6:07  Supply Depot  
  62  6:09  SCV  
  64  6:17  Marine, Orbital Command  
  64  6:18  SCV  
  66  6:21  SCV, Refinery  
  66  6:25  Siege Tank  
  70  6:30  SCV  
  71  6:34  SCV  
  72  6:42  SCV  
  72  6:45  SCV  
  71  6:47  SCV  
  71  6:49  Raven  
  74  6:54  SCV  
  74  6:56  Barracks  
  74  6:57  SCV  
  74  6:59  SCV, Barracks  
  77  7:06  SCV  
  78  7:08  Marine x2  
  78  7:09  SCV, Siege Tank  
  78  7:11  SCV  
  82  7:17  Engineering Bay  
  82  7:18  SCV, Engineering Bay  
  82  7:21  SCV  
  84  7:24  Supply Depot, SCV  
  85  7:30  SCV  
  85  7:36  Orbital Command  
  87  7:41  Siege Tank, Barracks  
  87  7:42  SCV, Barracks  
  87  7:43  Supply Depot  
  91  7:44  Stimpack, Marine  
  91  7:46  Barracks Reactor  
  91  7:47  Barracks Reactor  
  91  7:48  SCV  
  92  7:57  SCV  
  92  7:58  Refinery  
  93  7:59  Missile Turret, Viking  
  93  8:02  Viking  
  93  8:03  SCV x2  
  99  8:05  Refinery  
  99  8:07  Supply Depot  
  99  8:08  Marine  
  99  8:10  SCV  
  101  8:14  Siege Tank  
  101  8:15  SCV x2  
  101  8:18  Supply Depot  
  106  8:21  Marine  
  106  8:22  SCV  
  106  8:23  Marine  
  109  8:28  Supply Depot  
  109  8:29  SCV, Marine x3  
  109  8:31  Barracks Reactor x2  
  109  8:33  Sensor Tower  
  113  8:34  SCV  
  113  8:36  Viking  
  113  8:39  Marine  
  117  8:43  Viking  
  117  8:44  SCV  
  117  8:45  SCV  
  117  8:46  Marine  
  117  8:47  Marine x3  
  125  8:54  Supply Depot, Siege Tank  
  128  8:57  Marine  
  129  9:03  SCV  
  129  9:07  Supply Depot  
  132  9:10  Supply Depot  
  132  9:15  SCV x3, Armory  
  137  9:18  Marine  
  137  9:22  Marine x3  
  141  9:28  Marine x3  
  141  9:29  SCV  
Show
View Real Time Build Order
Export as new Build Order

Dolan Terran 

Build Orders:  

Get SALT Encoding   

  12  0:00  SCV  
  13  0:12  SCV  
  14  0:18  Supply Depot  
  14  0:24  SCV  
  15  0:41  Barracks  
  15  0:43  Refinery  
  15  0:54  Barracks  
  15  1:08  Barracks  
  15  1:17  Refinery  
  15  1:28  Reaper  
  16  1:35  Supply Depot  
  16  1:42  Reaper  
  17  1:55  Reaper  
  18  2:01  Reaper  
  19  2:14  Reaper  
  20  2:27  Reaper  
  21  2:33  Reaper  
  22  2:48  Reaper  
  23  3:00  Reaper  
  22  3:06  Reaper  
  19  3:20  Reaper  
  19  3:22  Orbital Command  
  20  3:32  Reaper  
  21  3:38  Reaper  
  22  3:49  SCV  
  22  3:53  Reaper  
  24  4:04  Reaper  
  25  4:10  Reaper  
  26  4:24  SCV  
  26  4:25  Reaper  
  25  4:36  SCV, Reaper  
  24  4:42  Reaper  
  24  4:45  Command Center  
  24  4:48  Factory  
  23  4:54  SCV  
  23  4:57  Reaper  
  25  5:07  SCV  
  25  5:08  Reaper  
  27  5:14  Reaper  
  27  5:19  SCV  
  28  5:33  Factory Tech Lab  
  28  5:35  SCV  
  29  5:37  Starport  
  30  5:45  Supply Depot  
  30  5:47  SCV  
  33  5:57  Cyclone, Orbital Command  
  33  5:59  SCV  
  34  6:14  Viking  
  34  6:16  SCV  
  37  6:23  SCV  
  38  6:28  Refinery  
  38  6:31  Cyclone  
  41  6:34  SCV  
  39  6:46  SCV, Orbital Command  
  38  7:13  SCV x2  
  40  7:19  Command Center  
  40  7:20  Barracks Reactor  
  40  7:24  Factory Tech Lab  
  40  7:25  SCV x2  
  42  7:36  Raven  
  44  7:41  SCV  
  44  7:42  SCV  
  46  7:45  Refinery  
  46  7:53  Siege Tank  
  46  7:54  SCV x2  
  51  8:02  Supply Depot  
  51  8:06  SCV x2  
  53  8:25  Siege Tank  
  56  8:28  Viking x2  
  56  8:31  SCV  
  56  8:32  Supply Depot, SCV  
  56  8:33  Orbital Command  
  62  8:47  SCV x2  
  64  8:53  Factory  
  64  8:56  Factory  
  64  9:01  Viking x2  
  64  9:02  Orbital Command  
  68  9:03  Barracks Reactor  
  68  9:04  SCV  
  68  9:05  SCV  
  70  9:13  Refinery  
  70  9:17  Refinery  
  70  9:20  SCV x2  
  70  9:23  Engineering Bay  
  72  9:29  Supply Depot  

Tags
 
Add a new tag
Caveats
  • Supply blocks, unpowered buildings, or Contaminate may cause inaccurate times.
  • Supply counts are checked every 10 seconds.